 Dungeon Crawl Stone Soup version 0.30-a0-847-g17996783a1 (webtiles) character file.

Game seed: 1728849314964602999

48 Pimp the Covered (level 3, -5/33 HPs)
             Began as an Armataur Fighter on Mar 3, 2023.
             Slain by a gnoll
             ... wielding a +0 flail
              (7 damage)
             ... on level 2 of the Dungeon.
             The game lasted 00:01:31 (846 turns).

Pimp the Covered (Armataur Fighter)                  Turns: 846, Time: 00:01:32

Health: -5/33      AC:  9    Str: 23    XL:     3   Next: 50%
Magic:  3/3        EV:  4    Int:  8    God:
Gold:   40         SH:  4    Dex:  9    Spells: 2/2 levels left

rFire   . . .      SeeInvis .    a - +0 war axe
rCold   . . .      Faith    .    c - +0 buckler
rNeg    . . .      Spirit   .    f - +0 plate armour
rPois   .          Reflect  .    (no helmet)
rElec   .          Roll     +    (no cloak)
rCorr   .                        (no gloves)
Will    .....                    (no barding) Stlth
                                 (no amulet)
HPRegen 0.25/turn                (no ring)
MPRegen 0.08/turn                (no ring)

@: mighty, invisible
A: large, rugged brown scales 3, deformed body, armoured tail, roll, long
tongue, awkward tongue
a: no special abilities


You were on level 2 of the Dungeon.
You visited 1 branch of the dungeon, and saw 2 of its levels.

You collected 40 gold pieces.

Inventory:

Hand Weapons
 a - a +0 war axe (weapon)
Armour
 b - a +0 scale mail
 c - a +0 buckler (worn)
 f - a +0 plate armour (worn)
Scrolls
 e - 5 scrolls of identify
Potions
 g - a potion of degeneration
 h - 2 potions of invisibility


   Skills:
 + Level 3.1 Fighting
 + Level 2.0 Axes
 + Level 4.2 Armour
 + Level 3.8 Shields


You had 2 spell levels left.
You didn't know any spells.
Your spell library was empty.

Dungeon Overview and Level Annotations

Branches:
Dungeon (2/15)

Altars:


Innate Abilities, Weirdness & Mutations

You are completely covered in rugged brown scales. (AC +3, +7% HP)
Armour fits poorly on your strangely shaped body.
You have a long armoured tail.
You roll when moving toward enemies. (Rampage)
Your long tongue fully drains potion bottles. (2x potion effects)
Your tongue gives you trouble enunciating. (1.5x scroll delay)


Message History

You hit the gnoll.
The gnoll is almost dead.
The gnoll hits you with a +0 flail.
You closely miss the gnoll.
The gnoll is almost dead.
The gnoll hits you but does no damage.
You barely miss the gnoll.
The gnoll is almost dead.
You slash the gnoll! The gnoll hits you but does no damage.
The gnoll hits you with a +0 flail.
You closely miss the gnoll.
The gnoll is almost dead.
You hit the gnoll but do no damage. The gnoll hits you with a +0 flail.
The gnoll hits you but does no damage. The gnoll completely misses you.
The gnoll hits you but does no damage.
You closely miss the gnoll.
The gnoll is almost dead.
You hit the gnoll. The gnoll hits you with a +0 flail.
You block the gnoll's attack.
You slurp down every last drop of the purple potion!
It was a potion of invisibility.
You fade into invisibility!
The gnoll hits you but does no damage. The gnoll barely misses you.
You catch the helpless gnoll completely off-guard!
You hit the gnoll.
Your tail-slap misses the gnoll.
The gnoll is almost dead.
You hit the gnoll.
You kill the gnoll!
You block the gnoll's attack.
Your Axes skill increases to level 2!
You slash the gnoll!
You kill the gnoll!
The gnoll hits you with a +0 flail!
* * * LOW HITPOINT WARNING * * *
You hit the gnoll.
The gnoll is lightly wounded.
You slurp down every last drop of the potion of might!
You feel very mighty all of a sudden. The gnoll hits you with a +0 flail!
You die...

#.....##.#
#..†..##.#
#.....##)#
#.......>######.
#...............
####+#...#######
#...#....#
#[..#g...###
#..Sg@.....#
.......######.#
#..#.#.!. #.
#.#...# #
###...# ...g.
##.... #..


You could see 2 gnolls and a ball python (unable to see you).

Vanquished Creatures
  2 gnolls (D:2)
  A dart slug (D:1)
  An endoplasm (D:1)
  3 giant cockroaches
  5 hobgoblins
  4 jackals (D:1)
  3 kobolds (D:1)
  2 ball pythons (D:1)
  2 frilled lizards (D:1)
  2 rats (D:1)
25 creatures vanquished.

Notes
Turn   | Place    | Note
-------+----------+-------------------------------------------
     0 | D:1      | Pimp the Armataur Fighter began the quest for the Orb.
     0 | D:1      | Reached XP level 1. HP: 19/19 MP: 1/1
   189 | D:1      | Reached XP level 2. HP: 21/26 MP: 2/2
   404 | D:1      | Reached skill level 4 in Armour
   827 | D:2      | Reached XP level 3. HP: 33/33 MP: 3/3
   846 | D:2      | Slain by a gnoll

Illustrated notes

Levels and vault maps discovered:
D:1:      dpeg_arrival_ternary, layout_loops_ring, dreamdust_princess_bridge,
          minmay_misc_feat_four_crosses, minmay_misc_feat_alley,
          minmay_misc_feat_pillars
D:2:      layout_basic, serial_shops, nicolae_shop_waterfront,
          minmay_misc_feat_nine_boxes, hex_large

Skill      XL: |  1  2  3 |
---------------+----------+-----
Armour         | 4 |  4.2
Fighting       | 3 |  3.1
Axes           | 2 |  2.0
Shields        | |  3.8

Action                     || total
---------------------------++-------
  Melee: War axe           ||    69
         Tailslap          ||     4
    Use: Potion            ||     2
         Scroll            ||     1
   Stab: Invisible         ||     1
 Armour: Scale mail        ||    20
         Plate armour      ||    25
  Dodge: Dodged            ||    22
  Block: Buckler           ||    19

Table legend: (Time is in decaauts)
 A = Elapsed time spent in this place.
 B = Non-inter-level travel time spent in this place.
 C = Inter-level travel time spent in this place.
 D = Time resting spent in this place.
 E = Time spent auto-exploring this place.
 F = Levels seen in this place.
 G = Mean time per level.
                   A        B        C        D        E       F      G
               +--------+--------+--------+--------+--------+-----+--------+
         Total |    876 |    839 |     37 |     64 |    580 |   2 |  438.0 |
       Dungeon |    876 |    839 |     37 |     64 |    580 |   2 |  438.0 |
               +--------+--------+--------+--------+--------+-----+--------+

Top non-repeatable levels by time:
     D:1: 839 daAuts
     D:2: 36 daAuts
